 Seeded DCSS version 0.30.1-9-gdf580d7c3d (webtiles) character file.

Game seed: 6351066067085065685 (custom seed)

0 Esekla the Magician (level 1, -3/10 HPs)
             Began as a Deep Elf Wanderer on Oct 22, 2023.
             Slain by a gnoll sergeant
             ... wielding a +4 trident of venom
              (10 damage)
             ... on level 7 of the Dungeon.
             The game lasted 00:03:24 (390 turns).

Esekla the Magician (Deep Elf Wanderer)              Turns: 390, Time: 00:03:24

Health: -3/10      AC:  3    Str: 11    XL:     1   Next: 8%
Magic:  7/7        EV: 10    Int: 17    God:
Gold:   26         SH:  3    Dex: 11    Spells: 6/8 levels left

rFire   . . .        a - +0 short sword
rCold   . . .        d - +0 buckler
rNeg    . . .        c - +0 robe
rPois   .            (no helmet)
rElec   .            (no cloak)
rCorr   .            j - +0 pair of gloves
SInv    .            (no boots)
Will    .....        (no amulet)
Stlth   ++           (no ring)
HPRegen 0.21/turn    (no ring)
MPRegen 0.10/turn

%: no passive effects
@: no status effects
A: no striking features
a: no special abilities


You were on level 7 of the Dungeon.
You visited 1 branch of the dungeon, and saw 6 of its levels.

You collected 26 gold pieces.

Inventory:

Hand Weapons
 a - a +0 short sword (weapon)
Armour
 c - a +0 robe (worn)
 d - a +0 buckler (worn)
 j - a +0 pair of gloves (worn)
Scrolls
 g - a scroll of identify {unknown}
 k - a scroll of teleportation {unknown}
Potions
 b - a potion of lignification
 e - a potion of ambrosia {unknown}
 f - 2 potions of attraction {unknown}
 h - a potion of heal wounds {unknown}
 i - a potion of curing {unknown}


   Skills:
 + Level 1.2 Stealth
 + Level 1.5 Shields
 * Level 4.4 Spellcasting
 + Level 2.1 Translocations
 + Level 1.0 Invocations


You had 6 spell levels left.
You knew the following spells:

 Your Spells              Type           Power      Damage    Failure   Level
a - Magic Dart            Conj           12%        1d3       22%         1
p - Apportation           Tloc           22%        N/A       9%          1

Your spell library contained the following spells:

 Spells                   Type           Power      Damage    Failure   Level
 Blink                    Tloc           22%        N/A       14%         2
 Lesser Beckoning         Tloc           22%        N/A       14%         2
 Ignite Poison            Fire/Tmut/Pois 3%         N/A       54%         3
 Vampiric Draining        Necr           3%         2d6       54%         3


Dungeon Overview and Level Annotations

Branches:
Dungeon (7/15)
 Temple: D:4-7

Altars:


Message History

Press: ? - help, Dir - move target Apport: a bubbling green potion Yoink!
You pull the item towards yourself.
f - 2 bubbling green potions (gained 1)
You now have 26 gold pieces (gained 15).
You see here a +0 pair of gloves.
You start putting on your armour.
You continue putting on your +0 pair of gloves. x4
You finish putting on your +0 pair of gloves.
Your magical contamination has completely faded away.
A sourceless malevolence fills the Dungeon...
You fall into a shaft and drop 2 floors!
The shaft crumbles and collapses.
Found a stone staircase leading down.
Found a scroll labelled EGUZUT XAHEGAJ.
Casting: Apportation (safe; 9% risk of failure)
Confirm with . or Enter, or press ? or * to list all spells.
Aiming: Apportation (safe; 9% risk of failure)
Press: ? - help, Dir - move target Apport: a scroll labelled EGUZUT XAHEGAJ Yoink!
You pull the item towards yourself.
Casting: Apportation (safe; 9% risk of failure)
Confirm with . or Enter, or press ? or * to list all spells.
Aiming: Apportation (safe; 9% risk of failure)
Press: ? - help, Dir - move target Apport: a scroll labelled EGUZUT XAHEGAJ Yoink!
You pull the item towards yourself.
k - a scroll labelled EGUZUT XAHEGAJ An iguana comes into view.
An orc comes into view. It is wielding a +0 hand axe.
The orc shouts!
The iguana hisses angrily.
There is a stone staircase leading down here.
You climb downwards.
The gnoll shouts! x3; The gnoll sergeant shouts!
There is a stone staircase leading up here.
The gnoll hits you with a +0 club. The gnoll barely misses you.
The gnoll sergeant hits you with a +4 trident of venom!
Ouch! That really hurt!
You die... ####### #@g...# ##g#..# g.g ... .### . .. .# .# .#

You could see a gnoll sergeant and 3 gnolls.

Vanquished Creatures
  A kobold (D:1)
1 creature vanquished.

Notes
Turn   | Place    | Note
-------+----------+-------------------------------------------
     0 | D:1      | Esekla the Deep Elf Wanderer began the quest for the Orb.
     0 | D:1      | Esekla set off with the following items: a +0 club, a
                  | potion of lignification, a +0 robe, a +0 buckler; and the
                  | following spells available to memorise: Apportation, Blink,
                  | Lesser Beckoning, Magic Dart, Ignite Poison, Vampiric
                  | Draining.
     0 | D:1      | Reached XP level 1. HP: 10/10 MP: 7/7
     8 | D:1      | Learned a level 1 spell: Magic Dart
    10 | D:1      | Learned a level 1 spell: Apportation
   315 | D:4      | You fall into a shaft and drop 2 floors!
   341 | D:6      | Noticed an iguana
   389 | D:7      | Noticed a gnoll sergeant
   390 | D:7      | Slain by a gnoll sergeant

Illustrated notes

Levels and vault maps discovered:
D:1:      sevenhm_arrival_forest_fort_small_3, layout_rooms,
          chequers_serial_rivers_room_b, minmay_misc_feat_five
D:2:      layout_loops_ring, dreamdust_ecumenical_altar_angels_and_demons,
          serial_shops, shop
D:3:      layout_basic, grunt_temple_overflow_open, minmay_misc_feat_iff
D:4:      layout_basic, nicolae_overflow_quartered_altars, serial_shops,
          nicolae_diamond_shop
D:6:      layout_loops_cross, fedhas_altar_fruit_tree,
          minmay_temple_entry_glass, uniq_pikel, uniq_blork_the_orc
D:7:      layout_basic, uniq_menkaure, uniq_joseph, uniq_crazy_yiuf_cottage

Action                     || total
---------------------------++-------
   Cast: Apportation       ||    10
         Magic Dart        ||     2
    Use: Scroll            ||     1
 Armour: Robe              ||     1
  Dodge: Dodged            ||    14
  Block: Buckler           ||     3
